Map: Tropical Sacrifice

Players

Ling

  • Race: Protoss Protoss
  • League: Master
  • Spawn Location: 7:00

ALLMIGHT - Winner!

  • Race: Zerg Zerg
  • League: Master
  • Spawn Location: 1:00

VOD

Have the link to the VOD?

Description

Time

  • Played on: Oct. 2, 2022, 7:16 p.m.
  • Length: 11:30
Show
View Real Time Build Order
Export as new Build Order

Ling Protoss 

Build Orders: Cannon Rush 

Get SALT Encoding   

  12  0:00  Probe (Chrono Boost)  
  13  0:12  Probe (Chrono Boost)  
  14  0:18  Pylon  
  14  0:21  Probe  
  15  0:36  Probe  
  15  0:40  Forge  
  16  1:13  Pylon  
  16  1:27  Pylon  
  16  1:33  Photon Cannon  
  16  1:35  Photon Cannon  
  16  1:37  Pylon  
  16  1:46  Photon Cannon  
  16  1:48  Photon Cannon  
  15  1:57  Photon Cannon  
  15  2:08  Probe (Chrono Boost), Gateway  
  16  2:18  Probe (Chrono Boost)  
  17  2:23  Probe (Chrono Boost)  
  18  2:32  Photon Cannon  
  18  2:35  Probe  
  19  2:56  Nexus  
  19  3:08  Cybernetics Core  
  19  3:13  Assimilator  
  19  3:19  Zealot (Chrono Boost)  
  18  3:22  Probe (Chrono Boost)  
  21  3:32  Probe (Chrono Boost), Pylon  
  22  3:49  Probe  
  22  3:51  Assimilator  
  23  3:55  Adept  
  26  4:03  Probe (Chrono Boost)  
  26  4:05  Warp Gate (Chrono Boost)  
  26  4:09  Probe (Chrono Boost)  
  28  4:18  Probe x2 (Chrono Boost)  
  29  4:25  Probe, Adept (Chrono Boost)  
  32  4:33  Probe  
  32  4:38  Probe  
  34  4:44  Stargate  
  34  4:48  Probe  
  34  4:50  Probe  
  36  5:00  Probe  
  36  5:02  Probe  
  38  5:12  Probe  
  37  5:14  Probe  
  37  5:15  Pylon  
  38  5:24  Gateway  
  38  5:27  Oracle (Chrono Boost)  
  38  5:28  Pylon  
  38  5:29  Probe x2  
  38  5:35  Gateway  
  43  5:41  Probe x2  
  45  5:48  Stalker  
  47  5:53  Probe x2  
  52  5:57  Oracle  
  52  6:09  Nexus, Probe x2  
  52  6:11  Assimilator, Pylon  
  54  6:17  Twilight Council  
  54  6:25  Probe x2  
  56  6:37  Probe x2 (Chrono Boost)  
  56  6:38  Stalker x3  
  64  6:44  Pylon  
  64  6:49  Probe x2 (Chrono Boost)  
  66  7:01  Stalker x2  
  66  7:03  Stalker  
  66  7:04  Probe x2  
  66  7:06  Pylon  
  74  7:14  Oracle (Chrono Boost)  
  74  7:18  Probe  
  74  7:21  Probe  
  79  7:31  Probe x2, Blink (Chrono Boost)  
  79  7:33  Assimilator  
  81  7:38  Probe  
  81  7:39  Protoss Ground Weapons Level 1 (Chrono Boost)  
  81  7:43  Probe  
  83  7:56  Probe x3  
  86  8:05  Stalker x3  
  92  8:08  Probe  
  92  8:09  Gateway  
  92  8:11  Gateway  
  92  8:12  Probe x2  
  95  8:13  Gateway  
  95  8:14  Nexus  
  95  8:15  Gateway  
  95  8:16  Pylon  
  81  8:30  Stalker x2  
  81  8:31  Stalker  
  86  8:42  Oracle  
  89  8:51  Probe x3  
  89  8:55  Pylon  
  92  8:57  Pylon  
  92  8:58  Pylon  
  92  8:59  Pylon  
  92  9:01  Stalker  
  92  9:02  Gateway  
  94  9:05  Gateway  
  94  9:07  Probe x3, Gateway  
  96  9:16  Charge (Chrono Boost)  
  96  9:23  Oracle  
  99  9:25  Stalker x5  
  99  9:26  Stalker  
  99  9:28  Probe x3  
  114  9:36  Pylon  
  114  9:39  Pylon  
  99  9:53  Zealot x7  
  111  10:15  Zealot x7  
  125  10:22  Probe (Chrono Boost)  
  125  10:23  Probe x2 (Chrono Boost)  
  125  10:24  Probe (Chrono Boost)  
  129  10:34  Probe x2 (Chrono Boost)  
  129  10:35  Probe x2 (Chrono Boost)  
  133  10:37  Stalker x2  
  133  10:39  Probe x2 (Chrono Boost)  
  133  10:40  Probe (Chrono Boost)  
  132  11:01  Stalker x4  
  132  11:02  Stalker x4  
  51  11:21  Zealot x2  
Show
View Real Time Build Order
Export as new Build Order

ALLMIGHT Zerg - Winner!

Build Orders: Hatch First 

Get SALT Encoding   

  12  0:00  Drone  
  13  0:13  Overlord  
  13  0:18  Drone  
  14  0:32  Drone x2  
  16  0:51  Hatchery  
  16  0:54  Drone  
  16  0:57  Drone  
  16  1:01  Drone  
  18  1:11  Extractor  
  18  1:17  Spawning Pool  
  16  1:20  Drone  
  16  1:23  Drone  
  18  1:30  Drone  
  19  2:00  Drone x2  
  21  2:06  Queen  
  19  2:18  Zergling x4  
  16  2:41  Zergling x4  
  16  2:43  Hatchery  
  15  2:50  Drone  
  16  2:59  Queen  
  16  3:04  Drone  
  18  3:16  Drone x2  
  18  3:19  Drone  
  19  3:27  Drone x2  
  21  3:49  Overlord  
  21  3:55  Overlord  
  21  4:00  Queen  
  23  4:10  Drone x4  
  29  4:17  Drone x2  
  29  4:21  Drone x2  
  31  4:42  Hatchery  
  30  4:49  Drone x3  
  30  4:50  Drone  
  34  4:54  Drone  
  33  5:02  Drone x3  
  35  5:11  Drone x4  
  39  5:15  Drone  
  39  5:21  Drone x2  
  42  5:25  Overlord  
  42  5:35  Overlord  
  42  5:40  Spore Crawler  
  42  5:41  Queen  
  42  5:42  Metabolic Boost  
  43  5:45  Drone x2  
  43  5:49  Drone x2  
  47  5:54  Drone x3  
  50  5:58  Drone x2  
  52  6:05  Spore Crawler  
  51  6:17  Spore Crawler  
  50  6:20  Queen  
  50  6:21  Drone  
  50  6:22  Drone x5  
  58  6:27  Evolution Chamber  
  57  6:39  Drone  
  58  6:40  Overlord x2  
  58  6:49  Overlord  
  58  6:51  Overlord  
  58  6:54  Lair  
  58  6:55  Zerg Melee Weapons Level 1  
  58  7:00  Queen  
  58  7:01  Drone x12  
  71  7:02  Drone x2  
  74  7:10  Extractor  
  74  7:12  Baneling Nest  
  71  7:20  Zergling x10  
  76  7:25  Overlord  
  76  7:30  Extractor  
  76  7:31  Extractor  
  76  7:33  Zergling x18  
  76  7:34  Spore Crawler  
  76  7:37  Extractor  
  81  7:43  Overlord x2  
  81  7:48  Zergling x8  
  81  7:50  Hatchery  
  84  7:52  Drone  
  84  7:55  Queen  
  84  7:57  Queen  
  89  8:02  Drone x8, Extractor  
  89  8:03  Hydralisk Den  
  95  8:10  Zergling x6  
  96  8:14  Zergling x2  
  96  8:15  Zergling x4  
  97  8:23  Overlord  
  97  8:26  Drone x2  
  99  8:27  Drone x2  
  99  8:28  Drone  
  99  8:30  Drone x3  
  99  8:31  Overlord  
  99  8:32  Centrifugal Hooks, Overlord  
  105  8:34  Muscular Augments  
  99  8:43  Drone x6  
  105  8:51  Drone  
  105  8:52  Drone  
  105  8:53  Zerg Melee Weapons Level 2  
  107  8:56  Evolution Chamber  
  107  9:01  Drone  
  107  9:02  Drone x2  
  109  9:12  Spore Crawler  
  109  9:13  Baneling x2  
  109  9:14  Baneling x6  
  107  9:19  Spore Crawler  
  106  9:25  Zerg Missile Weapons Level 1  
  106  9:26  Hydralisk  
  106  9:27  Hydralisk x4  
  106  9:29  Zergling x6  
  119  9:31  Hatchery  
  115  9:45  Grooved Spines  
  113  9:53  Zergling x16  
  113  9:54  Zergling x12  
  113  9:56  Hydralisk x2  
  113  9:58  Overlord x3  
  113  9:59  Overlord x3  
  122  10:14  Overlord  
  122  10:17  Hydralisk  
  122  10:18  Hydralisk x3, Zergling x2  
  122  10:19  Zergling x16  
  137  10:28  Hydralisk  
  137  10:29  Hydralisk x6  
  137  10:33  Overseer x2  
  137  10:34  Pneumatized Carapace  
  151  10:35  Baneling  
  151  10:36  Baneling x7  
  151  10:37  Baneling x3  
  151  10:41  Baneling x7  
  151  10:42  Baneling  
  147  10:52  Zergling x20  
  147  10:53  Zergling x6  
  155  11:00  Hydralisk x4  
  137  11:12  Zergling x10  
Tags
 
Add a new tag
Caveats
  • Supply blocks, unpowered buildings, or Contaminate may cause inaccurate times.
  • Supply counts are checked every 10 seconds.